 Dungeon Crawl Stone Soup version 0.30-a0-12-gd8047c6341 (webtiles) character file.

Game seed: 10894893386648091035

1911 SensoryNuts the Shield-Bearer (level 9, 0/70 (74) HPs)
             Began as a Gnoll Fighter on Aug 24, 2022.
             Slain by a wight
             ... wielding a +4 scimitar
              (9 damage)
             ... on level 6 of the Dungeon.
             The game lasted 00:05:59 (5720 turns).

SensoryNuts the Shield-Bearer (Gnoll Fighter)       Turns: 5720, Time: 00:06:00

HP:   0/70 (74)     AC: 17    Str: 16    XL:     9   Next: 16%
MP:   15/15         EV:  6    Int:  7    God:
Gold: 422           SH:  6    Dex: 16    Spells: 16/16 levels left

rFire   . . .      SeeInvis .    a - +1 war axe
rCold   . . .      Faith    .    c - +0 buckler
rNeg    . . .      Spirit   .    k - +1 plate armour
rPois   .          Reflect  .    (helmet unavailable)
rElec   .          Harm     .    i - +2 cloak {Will+}
rCorr   .          Rampage  .    (no gloves)
Will    +....                    (no boots)
Stlth   ..........               (no amulet)
HPRegen 0.21/turn                (no ring)
MPRegen 0.14/turn                (no ring)

@: attractive, drained
A: fangs 1, strong nose, distributed training, horns 3
a: no special abilities


You were on level 6 of the Dungeon.
You visited 1 branch of the dungeon, and saw 6 of its levels.

You collected 422 gold pieces.

Inventory:

Hand Weapons
 a - a +1 war axe (weapon)
Armour
 c - a +0 buckler (worn)
 i - a +2 cloak of willpower (worn)
 k - a +1 plate armour (worn)
Wands
 d - a wand of flame (18)
 l - a wand of polymorph (4)
Scrolls
 b - 2 scrolls of teleportation
 e - a scroll of immolation
 j - a scroll of summoning
 n - a scroll of fog
 p - a scroll of enchant weapon
Potions
 f - a potion of lignification
 h - a potion of mutation


   Skills:
 + Level 7.8 Fighting
 + Level 4.1 Short Blades
 + Level 4.1 Long Blades
 + Level 6.2 Axes
 + Level 4.1 Maces & Flails
 + Level 4.1 Polearms
 + Level 4.1 Staves
 + Level 4.1 Ranged Weapons
 + Level 4.1 Throwing
 + Level 7.8 Armour
 + Level 4.1 Dodging
 + Level 4.1 Stealth
 + Level 7.8 Shields
 + Level 4.1 Unarmed Combat
 + Level 4.1 Spellcasting
 + Level 3.4 Conjurations
 + Level 3.4 Hexes
 + Level 3.4 Summonings
 + Level 3.4 Necromancy
 + Level 3.4 Translocations
 + Level 3.4 Transmutations
 + Level 3.4 Fire Magic
 + Level 3.4 Ice Magic
 + Level 3.4 Air Magic
 + Level 3.4 Earth Magic
 + Level 3.4 Poison Magic
 + Level 4.5 Invocations
 + Level 4.1 Evocations


You had 16 spell levels left.
You didn't know any spells.
Your spell library contained the following spells:

 Spells                   Type           Power      Damage    Failure   Level
 Apportation              Tloc           12%        N/A       98%         1
 Freeze                   Ice            24%        1d5       98%         1
 Necrotise                Necr           24%        1d5       98%         1
 Summon Small Mammal      Summ           24%        N/A       98%         1
 Frozen Ramparts          Ice            12%        1d2       100%        3
 Ozocubu's Armour         Ice            6%         N/A       100%        3
 Hailstorm                Conj/Ice       6%         3d4       100%        4
 Ozocubu's Refrigeration  Ice            3%         4d8       100%        7


Dungeon Overview and Level Annotations

Branches:
Dungeon (6/15)
 Temple: D:4-7

Altars:
Ashenzari
Cheibriados
Dithmenos
Gozag
Kikubaaqudgha
Nemelex Xobeh
Okawaru
Ru
Sif Muna
Wu Jian
Xom
Yredelemnul

Shops:
D:1 [   D:3 =


Innate Abilities, Weirdness & Mutations

You have very sharp teeth.
Your uncanny sense of smell can sniff out nearby items.
Your experience applies equally to all skills.
You have a pair of large horns on your head.


Message History

You hit the wight but do no damage. You block the steam dragon's attack.
The steam dragon claws you.
The wight is engulfed in a cloud of scalding steam.
The wight is destroyed!
The wight hits you but does no damage.
You hit the steam dragon but do no damage.
Your headbutt misses the steam dragon.
The steam dragon is lightly wounded.
You hit the wight. x2; You block the steam dragon's attack. x2
The wight closely misses you.
You slash the wight!
The wight is almost destroyed.
You hit the steam dragon but do no damage.
You barely miss the wight. The wight closely misses you.
You block the steam dragon's attack. x2; The wight hits you with a +4 scimitar! x2
* * * LOW HITPOINT WARNING * * *
The wight hits you but does no damage.
The wight hits you with a +0 short sword.
* * * LOW HITPOINT WARNING * * *
You feel drained.
* * * LOW HITPOINT WARNING * * *
The steam dragon bites you.
* * * LOW HITPOINT WARNING * * *
The steam dragon claws you.
* * * LOW HITPOINT WARNING * * *
Unknown command.
You feel much better. The steam dragon barely misses you.
The steam dragon claws you but does no damage.
The wight hits you with a +0 short sword.
* * * LOW HITPOINT WARNING * * *
The wight hits you with a +4 scimitar.
* * * LOW HITPOINT WARNING * * *
The wight barely misses you.
It was a potion of attraction.
You feel attractive to monsters. The steam dragon bites you.
* * * LOW HITPOINT WARNING * * *
The steam dragon claws you but does no damage.
You block the wight's attack. The wight hits you with a +4 scimitar!
You die...

.. .. ∆... ..#.. .##....
~.. #.#[# ##...#.#
~~.##.#.###...#..# .#
....#........#..# .#####
....#..)..#...####.......
#......<...........###..
.....#.........Dz.......
~.[##.#.........@.#......
?~.>...<........z.z..####
P..####.†........†#.....#
#.............###.
.).....(.......# .
##.#.#...######.#
#.....#:.# ... ......#..#
##.# ......#..# ..#


You could see a steam dragon and 3 wights.

Vanquished Creatures
  Pikel (D:5)
  Menkaure (D:5)
  A black bear (D:5)
  2 ogres
  A phantom (D:6)
  3 lemures (D:5)
  A kobold brigand (D:5)
  4 scorpions
  2 howler monkeys (D:6)
  2 jellies
  Crazy Yiuf (D:4)
  A hound (D:4)
  Ijyb (D:5)
  Natasha (thrice) (D:4)
  5 iguanas (D:5)
  2 orc wizards
  7 adders
  A shadow imp (D:5)
  3 white imps
  2 worms
  3 dart slugs
  15 orcs
  4 endoplasms
  3 giant cockroaches
  3 goblins
  8 hobgoblins
  4 jackals
  2 quokkas (D:1)
  4 ball pythons
  7 bats
  4 frilled lizards
  7 kobolds
  A rat (D:2)
109 creatures vanquished.

Vanquished Creatures (others)
  A wight (D:6)
  3 toadstools (D:3)
4 creatures vanquished.

Grand Total: 113 creatures vanquished

Notes
Turn   | Place    | Note
-------+----------+-------------------------------------------
     0 | D:1      | SensoryNuts the Gnoll Fighter began the quest for the Orb.
     0 | D:1      | Reached XP level 1. HP: 23/23 MP: 1/1
    20 | D:1      | Found Bimin's Antique Armour Boutique.
    45 | D:1      | Reached XP level 2. HP: 27/29 MP: 2/2
    67 | D:1      | Found a faded altar of an unknown god.
   677 | D:1      | Reached XP level 3. HP: 35/35 MP: 3/3
   897 | D:2      | Reached skill level 1 in Invocations
  1093 | D:2      | Reached skill level 1 in Short Blades
  1093 | D:2      | Reached skill level 1 in Long Blades
  1093 | D:2      | Reached skill level 1 in Maces & Flails
  1093 | D:2      | Reached skill level 1 in Polearms
  1093 | D:2      | Reached skill level 1 in Staves
  1093 | D:2      | Reached skill level 1 in Ranged Weapons
  1093 | D:2      | Reached skill level 1 in Throwing
  1093 | D:2      | Reached skill level 1 in Dodging
  1093 | D:2      | Reached skill level 1 in Stealth
  1093 | D:2      | Reached skill level 1 in Unarmed Combat
  1093 | D:2      | Reached skill level 1 in Spellcasting
  1093 | D:2      | Reached skill level 1 in Evocations
  1229 | D:2      | Reached XP level 4. HP: 41/41 MP: 5/5
  1639 | D:2      | Gained mutation: You have a pair of small horns on your
                  | head. [potion of mutation]
  1639 | D:2      | Gained mutation: You have a pair of horns on your head.
                  | [potion of mutation]
  1639 | D:2      | Gained mutation: You have a pair of large horns on your
                  | head. [potion of mutation]
  1786 | D:3      | Reached skill level 1 in Conjurations
  1786 | D:3      | Reached skill level 1 in Hexes
  1786 | D:3      | Reached skill level 1 in Summonings
  1786 | D:3      | Reached skill level 1 in Necromancy
  1786 | D:3      | Reached skill level 1 in Translocations
  1786 | D:3      | Reached skill level 1 in Transmutations
  1786 | D:3      | Reached skill level 1 in Fire Magic
  1786 | D:3      | Reached skill level 1 in Ice Magic
  1786 | D:3      | Reached skill level 1 in Air Magic
  1786 | D:3      | Reached skill level 1 in Earth Magic
  1786 | D:3      | Reached skill level 1 in Poison Magic
  1802 | D:3      | Found a shimmering blue altar of Sif Muna.
  1983 | D:3      | Found Xeliem's Jewellery Shop.
  2251 | D:3      | Reached XP level 5. HP: 47/47 MP: 7/7
  2851 | D:4      | Found a shadowy altar of Dithmenos.
  2852 | D:4      | Found a sacrificial altar of Ru.
  2854 | D:4      | Found a broken altar of Ashenzari.
  2857 | D:4      | Found an ornate altar of the Wu Jian Council.
  2858 | D:4      | Found an opulent altar of Gozag.
  2858 | D:4      | Found a snail-covered altar of Cheibriados.
  2859 | D:4      | Found a basalt altar of Yredelemnul.
  2860 | D:4      | Found an ancient bone altar of Kikubaaqudgha.
  2861 | D:4      | Found an iron altar of Okawaru.
  2862 | D:4      | Found a sparkling altar of Nemelex Xobeh.
  2863 | D:4      | Found a shimmering altar of Xom.
  2892 | D:4      | Noticed an ogre
  2899 | D:4      | Killed an ogre
  2958 | D:4      | Noticed Natasha
  2968 | D:4      | Reached XP level 6. HP: 33/53 MP: 8/8
  2971 | D:4      | Killed Natasha
  2972 | D:4      | Reached skill level 5 in Axes
  3013 | D:4      | Noticed Natasha
  3243 | D:4      | Killed Natasha
  3458 | D:4      | Noticed Natasha
  3464 | D:4      | Killed Natasha
  3465 | D:4      | Reached XP level 7. HP: 49/60 MP: 10/10
  3743 | D:4      | Found a runed translucent door.
  3744 | D:4      | Noticed Crazy Yiuf
  3759 | D:4      | HP: 2/60 [Crazy Yiuf/+2 quarterstaff of chaos (10)]
  3762 | D:4      | Killed Crazy Yiuf
  4065 | D:5      | Entered Level 5 of the Dungeon
  4223 | D:5      | Noticed Menkaure
  4227 | D:5      | Killed Menkaure
  4357 | D:5      | Noticed Pikel
  4381 | D:5      | Killed Pikel
  4382 | D:5      | Reached XP level 8. HP: 12/67 MP: 11/13
  4786 | D:5      | Noticed Ijyb
  4789 | D:5      | Killed Ijyb
  5533 | D:5      | Reached XP level 9. HP: 44/73 MP: 14/14
  5718 | D:6      | HP: 3/70 [steam dragon (3)]
  5720 | D:6      | Slain by a wight

Illustrated notes

Levels and vault maps discovered:
D:1:      amcnicky_arrival_wind_blow, layout_rooms,
          ebering_ecumenical_altar_box, serial_shops,
          nicolae_shop_advertising_works [nicolae_subvault_shop_adworks],
          nicolae_hexahallways, minmay_cupped
D:2:      layout_basic
D:3:      layout_basic, kennysheep_orc_sif_temple, serial_shops, shop_fountains,
          minmay_gold_behind_fungi, chequers_serial_rivers_large_a,
          grunt_ministairs_3, kennysheep_decorative_pillar
D:4:      layout_cave_pools, minitemple, minmay_crystal_water,
          uniq_crazy_yiuf_cottage, uniq_natasha
D:5:      black_bear_nest_2, layout_basic, glass_columns_a, nrook_uturn,
          uniq_menkaure, uniq_pikel, uniq_ijyb
D:6:      layout_rooms, zin_angel, minmay_temple_entry_stoned_glass,
          serial_shops, nicolae_shop_crystal, chequers_big_river

Skill      XL: |  1  2  3  4  5  6  7  8  9 |
---------------+----------------------------+-----
Invocations    | 1 2 3 4 |  4.5
Short Blades   | 1 2 3 4 |  4.1
Long Blades    | 1 2 3 4 |  4.1
Maces & Flails | 1 2 3 4 |  4.1
Polearms       | 1 2 3 4 |  4.1
Staves         | 1 2 3 4 |  4.1
Ranged Weapons | 1 2 3 4 |  4.1
Throwing       | 1 2 3 4 |  4.1
Dodging        | 1 2 3 4 |  4.1
Stealth        | 1 2 3 4 |  4.1
Unarmed Combat | 1 2 3 4 |  4.1
Spellcasting   | 1 2 3 4 |  4.1
Evocations     | 1 2 3 4 |  4.1
Conjurations   | 1 2 3 |  3.4
Hexes          | 1 2 3 |  3.4
Summonings     | 1 2 3 |  3.4
Necromancy     | 1 2 3 |  3.4
Translocations | 1 2 3 |  3.4
Transmutations | 1 2 3 |  3.4
Fire Magic     | 1 2 3 |  3.4
Ice Magic      | 1 2 3 |  3.4
Air Magic      | 1 2 3 |  3.4
Earth Magic    | 1 2 3 |  3.4
Poison Magic   | 1 2 3 |  3.4
Axes           | 5 6 |  6.2
Fighting       | 7 |  7.8
Armour         | 7 |  7.8
Shields        | 7 |  7.8

Action                   |  1- 3 |  4- 6 |  7- 9 || total
-------------------------+-------+-------+-------++-------
Melee: War axe           |    96 |    96 |   131 ||   323
       Bite              |     4 |     7 |    11 ||    22
       Headbutt          |       |    11 |    31 ||    42
  Use: Scroll            |       |     7 |     5 ||    12
       Potion            |       |     7 |     8 ||    15
Armor: Scale mail        |    50 |       |       ||    50
       Plate armour      |    17 |    81 |    94 ||   192
Dodge: Dodged            |    42 |    26 |    39 ||   107
Block: Buckler           |    34 |    28 |    52 ||   114

Table legend: (Time is in decaauts)
 A = Elapsed time spent in this place.
 B = Non-inter-level travel time spent in this place.
 C = Inter-level travel time spent in this place.
 D = Time resting spent in this place.
 E = Time spent auto-exploring this place.
 F = Levels seen in this place.
 G = Mean time per level.
                   A        B        C        D        E       F      G
               +--------+--------+--------+--------+--------+-----+--------+
         Total |   5858 |   5578 |    280 |     26 |   4699 |   6 |  976.3 |
       Dungeon |   5858 |   5578 |    280 |     26 |   4699 |   6 |  976.3 |
               +--------+--------+--------+--------+--------+-----+--------+

Top non-repeatable levels by time:
     D:5: 1613 daAuts
     D:3: 1445 daAuts
     D:4: 1047 daAuts
     D:1: 863 daAuts
     D:2: 815 daAuts
     D:6: 71 daAuts
